 Dungeon Crawl Stone Soup version 0.30-a0-738-g116ff8c4af (webtiles) character file.

Game seed: 6391064665503276009

23032 epen the Prestidigitator (level 13, -14/99 HPs)
             Began as a Gnoll Artificer on Feb 3, 2023.
             Was an Elder of Dithmenos.
             Demolished by a death yak (16 damage)
             ... on level 3 of the Lair of Beasts.
             The game lasted 00:34:32 (17559 turns).

epen the Prestidigitator (Gnoll Artificer)         Turns: 17559, Time: 00:34:32

Health: -14/99     AC: 14    Str: 23    XL:     13   Next: 4%
Magic:  25/25      EV: 16    Int: 18    God:    Dithmenos [****..]
Gold:   653        SH:  0    Dex: 16    Spells: 28/28 levels left

rFire   + . .      SeeInvis +    u - +5 falchion of Cocytus {drain, rF+ Int+3 Stlth+}
rCold   + . .      Faith    .    (no shield)
rNeg    . . .      Spirit   .    t - +2 leather armour "Hehac" {+Inv rC+ Will+ Str+3}
rPois   .          Reflect  .    M - +1 hat
rElec   +          Harm     .    o - +2 cloak of the Thief {*Fog Slay-2 SInv Stlth+}
rCorr   +          Rampage  .    k - +0 pair of gloves {Str+3}
Will    +....                    p - +1 pair of boots
Stlth   +++++++++                A - amulet of magic regeneration
HPRegen 0.36/turn                g - ring of resist corrosion
MPRegen 0.59/turn                K - +6 ring of intelligence

@: attractive, wreathed by umbra
A: fangs 1, strong nose, distributed training, electricity resistance, strong 1
a: Renounce Religion, Evoke Invisibility, Shadow Step


You were on level 3 of the Lair of Beasts.
You worshipped Dithmenos.
Dithmenos was greatly pleased with you.
You visited 2 branches of the dungeon, and saw 13 of its levels.
You also visited: Ossuary.

You collected 653 gold pieces.

Inventory:

Hand Weapons
 a - a +0 club of protection
 c - a +1 shortbow
 u - the +5 falchion of Cocytus (weapon) {drain, rF+ Int+3 Stlth+}
   (You found it on level 2 of the Lair of Beasts)

   Int:       It affects your intelligence (+3).
   rF:        It protects you from fire.
   Stlth:     It makes you more stealthy.
 x - a +3 hand axe of freezing
 E - a +2 trident of venom
Armour
 b - a +0 leather armour
 k - a +0 pair of gloves of strength (worn)
 o - the +2 cloak of the Thief (worn) {*Fog Slay-2 SInv Stlth+}
   (You found it on level 3 of the Dungeon)

   *Fog:      It may release a thick cloud of smoke when the wearer is hurt.
   Slay:      It affects your accuracy & damage with ranged weapons and melee
   (-2).
   SInv:      It lets you see invisible.
   Stlth:     It makes you more stealthy.
 p - a +1 pair of boots (worn)
 r - a +0 helmet
 t - the +2 leather armour "Hehac" (worn) {+Inv rC+ Will+ Str+3}
   (You found it on level 5 of the Dungeon)

   Str:       It affects your strength (+3).
   rC:        It protects you from cold.
   +Inv:      It lets you turn invisible.
   Will:      It increases your willpower.
 M - a +1 hat (worn)
Jewellery
 g - a ring of resist corrosion (left hand)
 A - an amulet of magic regeneration (around neck)
 K - a +6 ring of intelligence (right hand)
 N - a +6 ring of strength
Scrolls
 i - 12 scrolls of identify
 j - a scroll of amnesia
 m - a scroll of blinking
 y - a scroll of poison
 B - 6 scrolls of enchant weapon
 F - a scroll of brand weapon
 G - 2 scrolls of fog
 I - a scroll of enchant armour
Potions
 d - a potion of attraction
 f - 7 potions of lignification
 h - a potion of magic {unknown}
 l - 3 potions of resistance
 q - 3 potions of flight {unknown}
 s - a potion of cancellation {unknown}
 v - a potion of might
 w - 3 potions of degeneration {unknown}
 z - 2 potions of invisibility {unknown}
 C - a potion of haste
 D - a potion of heal wounds {unknown}
 H - 2 potions of ambrosia {unknown}


   Skills:
 + Level 8.6 Fighting
 + Level 8.1 Short Blades
 + Level 8.1 Long Blades
 + Level 8.1 Axes
 + Level 8.1 Maces & Flails
 + Level 8.1 Polearms
 + Level 8.1 Staves
 + Level 8.1 Ranged Weapons
 + Level 8.1 Throwing
 + Level 9.4 Armour
 + Level 8.6 Dodging
 + Level 8.5 Stealth
 + Level 8.1 Shields
 + Level 8.1 Unarmed Combat
 + Level 8.1 Spellcasting
 + Level 6.8 Conjurations
 + Level 6.8 Hexes
 + Level 6.8 Summonings
 + Level 6.8 Necromancy
 + Level 6.8 Translocations
 + Level 6.8 Transmutations
 + Level 6.8 Fire Magic
 + Level 6.8 Ice Magic
 + Level 6.8 Air Magic
 + Level 6.8 Earth Magic
 + Level 6.8 Poison Magic
 + Level 8.9 Invocations
 + Level 10.5 Evocations


You had 28 spell levels left.
You didn't know any spells.
Your spell library contained the following spells:

 Spells                   Type           Power      Damage    Failure   Level
 Slow                     Hex            100%       N/A       1%          1
 Confusing Touch          Hex            31%        N/A       1%          3
 Ignite Poison            Fire/Tmut/Pois 31%        N/A       1%          3
 Kindle Blastsparks       Fire/Tloc/Air  62%        2d15      1%          3
 Vampiric Draining        Necr           31%        2d8       1%          3
 Vhi's Electric Charge    Tloc/Air       62%        N/A       1%          3
 Arcjolt                  Conj/Air       15%        1d25      19%         5
 Freezing Cloud           Conj/Ice/Air   15%        6-21      19%         5
 Maxwell's Capacitive Co  Air            15%        ∞         100%        8


Dungeon Overview and Level Annotations

Branches:
Dungeon (10/15)            Temple (0/1) D:6            Lair (3/5) D:10
  Swamp (0/4) Lair:3        Snake (0/4) Lair:3          Orc (0/2) D:10
Ossuary (visited)

Altars:
Ashenzari
Cheibriados
Dithmenos
Elyvilon
Fedhas
Kikubaaqudgha
Ru
Sif Muna
Xom
The Shining One

Shops:
D:8 !   D:9 *   D:10 [

Annotations:
D:4 1 runed translucent door, kae's ghost, amateur GrEE
D:6 1 exclusion


Innate Abilities, Weirdness & Mutations

You have very sharp teeth.
Your uncanny sense of smell can sniff out nearby items.
Your experience applies equally to all skills.
You are resistant to electric shocks. (rElec)
Your muscles are strong. (Str +4, Int/Dex -1)


Message History

You hit the death yak but do no damage. You drain the death yak.
You punch the death yak.
The death yak is severely wounded.
The death yak gores you.
* * * LOW HITPOINT WARNING * * *
You hit the death yak.
The death yak is almost dead.
The death yak misses you.
It was a potion of attraction.
You feel attractive to monsters. The death yak gores you!
* * * LOW HITPOINT WARNING * * *
You slash the death yak! You drain the death yak.
You kill the death yak!
Dithmenos accepts your kill.
You hit the death yak. You drain the death yak.
The death yak is lightly wounded.
The death yak gores you but does no damage.
You barely miss the death yak.
You bite the death yak, but do no damage.
The death yak is lightly wounded.
The death yak completely misses you.
You slash the death yak!
The death yak is moderately wounded.
You hit the death yak but do no damage.
You bite the death yak, but do no damage.
The death yak is moderately wounded.
The butterfly is attracted toward you.
You completely miss the death yak.
The death yak is severely wounded.
The butterfly is attracted toward you.
You hit the death yak but do no damage.
The death yak is severely wounded.
The death yak gores you!
* * * LOW HITPOINT WARNING * * *
With a swish of your cloak, you release a cloud of fog.
You hit the death yak but do no damage.
The death yak is severely wounded.
The death yak gores you!
You die...

### #.#.......
##.###.........
#..............
#..............
###.P............
#.....#..##.##...
##....#..........
###....Y..........
#@#...............
##YY§.............
###....§.........
#..b............
#...............
#..............
#...........#.P
#.............#
###..............


You could see 2 death yaks.

Vanquished Creatures
  Gastronok (Lair:1)
  A catoblepas (Lair:3)
  A two-headed ogre (D:8)
  6 death yaks (Lair:3)
  Joseph (D:7)
  A torpor snail (Lair:1)
  Maggie (Lair:1)
  4 cane toads
  A rime drake (Lair:2)
  5 komodo dragons
  Grinder (D:4)
  2 hornets
  5 blink frogs
  3 wraiths
  2 basilisks (Lair:2)
  2 vampire mosquitoes (Lair:3)
  2 wyverns (Lair:1)
  33 yaks
  10 water moccasins
  An orc warrior (D:8)
  2 sky beasts
  4 ice beasts
  4 black bears
  3 ogres
  15 wolves
  5 centaurs
  A phantom (D:4)
  9 bullfrogs
  A kobold brigand (D:5)
  2 necrophages
  3 elf skeletons (D:6)
  A scorpion (D:5)
  3 wights
  4 hounds (D:4)
  4 jellies
  An orc priest (D:5)
  A human zombie (D:6)
  3 human skeletons (D:6)
  Crazy Yiuf (D:7)
  Natasha (twice) (D:4)
  Ijyb (D:5)
  Terence (D:2)
  2 iguanas (D:5)
  4 orc wizards
  A mummy (Ossuary)
  7 gnolls (D:4)
  7 adders
  A shadow imp (D:6)
  A worm (D:7)
  A dart slug (D:4)
  10 orcs
  3 ball pythons
  3 endoplasms
  A giant cockroach (D:1)
  5 hobgoblins
  8 jackals
  3 quokkas
  2 bats (D:2)
  6 frilled lizards
  4 gnoll skeletons (Ossuary)
  3 goblins
  15 kobolds
  7 kobold skeletons (Ossuary)
  18 orc skeletons
  7 rats
273 creatures vanquished.

Vanquished Creatures (collateral kills)
  A yak (D:8)
  2 wights
  An orc priest (D:8)
  An iguana (D:6)
5 creatures vanquished.

Vanquished Creatures (others)
  A slime creature (D:9)
  2 yaks (D:8)
  A human (D:8)
  2 wights (D:6)
  An adder (D:6)
  7 fungi
  14 plants
28 creatures vanquished.

Grand Total: 306 creatures vanquished

Notes
Turn   | Place    | Note
-------+----------+-------------------------------------------
     0 | D:1      | epen the Gnoll Artificer began the quest for the Orb.
     0 | D:1      | Reached XP level 1. HP: 17/17 MP: 1/1
   232 | D:1      | Reached XP level 2. HP: 19/23 MP: 2/2
   767 | D:2      | Noticed Terence
   862 | D:2      | Found a broken altar of Ashenzari.
   968 | D:2      | Killed Terence
   969 | D:2      | Reached skill level 1 in Short Blades
   969 | D:2      | Reached skill level 1 in Long Blades
   969 | D:2      | Reached skill level 1 in Axes
   969 | D:2      | Reached skill level 1 in Maces & Flails
   969 | D:2      | Reached skill level 1 in Polearms
   969 | D:2      | Reached skill level 1 in Staves
   969 | D:2      | Reached skill level 1 in Ranged Weapons
   969 | D:2      | Reached skill level 1 in Throwing
   969 | D:2      | Reached skill level 1 in Shields
   969 | D:2      | Reached skill level 1 in Unarmed Combat
   969 | D:2      | Reached skill level 1 in Spellcasting
   969 | D:2      | Reached skill level 1 in Invocations
   969 | D:2      | Reached XP level 3. HP: 28/28 MP: 2/4
  1348 | D:3      | Reached XP level 4. HP: 33/34 MP: 5/5
  1735 | D:3      | Found a shimmering altar of Xom.
  1787 | D:3      | Found the +2 cloak of the Thief {*Fog Slay-2 SInv Stlth+}
  2084 | D:3      | Reached skill level 1 in Conjurations
  2084 | D:3      | Reached skill level 1 in Hexes
  2084 | D:3      | Reached skill level 1 in Summonings
  2084 | D:3      | Reached skill level 1 in Necromancy
  2084 | D:3      | Reached skill level 1 in Translocations
  2084 | D:3      | Reached skill level 1 in Transmutations
  2084 | D:3      | Reached skill level 1 in Fire Magic
  2084 | D:3      | Reached skill level 1 in Ice Magic
  2084 | D:3      | Reached skill level 1 in Air Magic
  2084 | D:3      | Reached skill level 1 in Earth Magic
  2084 | D:3      | Reached skill level 1 in Poison Magic
  2358 | D:4      | Found a runed translucent door.
  2359 | D:4      | Noticed kae's ghost (amateur GrEE)
  2504 | D:4      | Noticed a sky beast
  2524 | D:4      | Killed a sky beast
  2525 | D:4      | Reached XP level 5. HP: 19/41 MP: 5/7
  2656 | D:4      | Noticed Natasha
  2670 | D:4      | Killed Natasha
  2701 | D:4      | Noticed Grinder
  2705 | D:4      | Killed Grinder
  2706 | D:4      | Reached skill level 5 in Armour
  2706 | D:4      | Reached XP level 6. HP: 47/47 MP: 7/9
  2809 | D:4      | Gained mutation: You expend magic power (3 MP) to
                  | strengthen your wands. [potion of mutation]
  2809 | D:4      | Gained mutation: You are occasionally teleported next to
                  | monsters. [potion of mutation]
  2809 | D:4      | Gained mutation: You have a pair of small antennae on your
                  | head. [potion of mutation]
  2817 | D:4      | Reached skill level 7 in Evocations
  2817 | D:4      | Reached XP level 7. HP: 23/52 MP: 10/10
  2972 | D:4      | Lost mutation: You expend magic power (3 MP) to strengthen
                  | your wands. [potion of mutation]
  2972 | D:4      | Lost mutation: You are occasionally teleported next to
                  | monsters. [potion of mutation]
  2972 | D:4      | Gained mutation: Your spells are a little harder to cast,
                  | but a little more powerful. [potion of mutation]
  2972 | D:4      | Gained mutation: You occasionally lose the ability to read
                  | scrolls when taking damage. [potion of mutation]
  2973 | D:4      | Lost mutation: You occasionally lose the ability to read
                  | scrolls when taking damage. [potion of mutation]
  2973 | D:4      | Lost mutation: Your spells are a little harder to cast, but
                  | a little more powerful. [potion of mutation]
  2973 | D:4      | Lost mutation: You have a pair of small antennae on your
                  | head. [potion of mutation]
  2973 | D:4      | Gained mutation: Your muscles are strong. (Str +4, Int/Dex
                  | -1) [potion of mutation]
  2973 | D:4      | Gained mutation: You are resistant to electric shocks.
                  | (rElec) [potion of mutation]
  3693 | D:4      | Noticed Natasha
  3701 | D:4      | Killed Natasha
  3994 | D:5      | Entered Level 5 of the Dungeon
  4053 | D:5      | Noticed Ijyb
  4235 | D:5      | Reached XP level 8. HP: 41/58 MP: 12/12
  4788 | D:5      | Identified the +2 leather armour "Hehac" {+Inv rC+ Will+
                  | Str+3}
  5301 | D:5      | Killed Ijyb
  5515 | D:5      | Found a shadowy altar of Dithmenos.
  5542 | D:5      | Became a worshipper of Dithmenos the Shadowed
  5792 | D:5      | Found a shimmering blue altar of Sif Muna.
  5905 | D:6      | Reached XP level 9. HP: 44/66 MP: 14/14
  5993 | D:6      | Found a sand-covered staircase.
  6014 | Ossuary  | Entered an ossuary
  6246 | Ossuary  | Reached * piety under Dithmenos
  6323 | Ossuary  | Reached skill level 5 in Fighting
  6323 | Ossuary  | Reached skill level 5 in Dodging
  6682 | D:6      | Reached skill level 5 in Stealth
  6956 | D:6      | Reached skill level 8 in Evocations
  7210 | D:6      | Reached skill level 5 in Invocations
  7317 | D:6      | Found a staircase to the Ecumenical Temple.
  7339 | D:6      | Found a blossoming altar of Fedhas.
  7528 | D:6      | Noticed a deep elf pyromancer
  7804 | D:7      | Noticed Joseph
  7940 | D:7      | Found a transporter.
  8068 | D:7      | Found a snail-covered altar of Cheibriados.
  8285 | D:7      | Found a glowing golden altar of the Shining One.
  8346 | D:7      | Reached ** piety under Dithmenos
  8480 | D:7      | Found a transporter.
  8618 | D:7      | Killed Joseph
  8619 | D:7      | Reached skill level 5 in Short Blades
  8619 | D:7      | Reached skill level 5 in Long Blades
  8619 | D:7      | Reached skill level 5 in Axes
  8619 | D:7      | Reached skill level 5 in Maces & Flails
  8619 | D:7      | Reached skill level 5 in Polearms
  8619 | D:7      | Reached skill level 5 in Staves
  8619 | D:7      | Reached skill level 5 in Ranged Weapons
  8619 | D:7      | Reached skill level 5 in Throwing
  8619 | D:7      | Reached skill level 5 in Shields
  8619 | D:7      | Reached skill level 5 in Unarmed Combat
  8619 | D:7      | Reached skill level 5 in Spellcasting
  8619 | D:7      | Reached XP level 10. HP: 48/76 MP: 17/17
  8998 | D:7      | Found a runed translucent door.
  8999 | D:7      | Noticed Crazy Yiuf
  9181 | D:7      | Killed Crazy Yiuf
  9828 | D:8      | Found an ancient bone altar of Kikubaaqudgha.
 10121 | D:8      | Noticed a two-headed ogre
 10133 | D:8      | Killed a two-headed ogre
 10277 | D:8      | Found Birubi Pusonk's Distillery.
 10414 | D:9      | Found a white marble altar of Elyvilon.
 10480 | D:9      | HP: 3/76 [hornet (6)]
 10706 | D:9      | Found Xyir's Assorted Antiques.
 10911 | D:9      | Found a sacrificial altar of Ru.
 11597 | D:10     | Entered Level 10 of the Dungeon
 11604 | D:10     | Found a staircase to the Orcish Mines.
 11618 | D:10     | Found a staircase to the Lair.
 11703 | D:10     | Reached skill level 9 in Evocations
 12001 | D:10     | Reached skill level 5 in Conjurations
 12001 | D:10     | Reached skill level 5 in Hexes
 12001 | D:10     | Reached skill level 5 in Summonings
 12001 | D:10     | Reached skill level 5 in Necromancy
 12001 | D:10     | Reached skill level 5 in Translocations
 12001 | D:10     | Reached skill level 5 in Transmutations
 12001 | D:10     | Reached skill level 5 in Fire Magic
 12001 | D:10     | Reached skill level 5 in Ice Magic
 12001 | D:10     | Reached skill level 5 in Air Magic
 12001 | D:10     | Reached skill level 5 in Earth Magic
 12001 | D:10     | Reached skill level 5 in Poison Magic
 12001 | D:10     | Reached XP level 11. HP: 83/83 MP: 20/20
 12364 | D:10     | Found Ladwy's Antique Armour Emporium.
 12635 | Lair:1   | Entered Level 1 of the Lair of Beasts
 13152 | Lair:1   | Noticed Maggie
 13176 | Lair:1   | Reached *** piety under Dithmenos
 13200 | Lair:1   | Killed Maggie
 13599 | Lair:1   | Noticed Gastronok
 13627 | Lair:1   | Killed Gastronok
 13854 | Lair:1   | Noticed a five-headed hydra
 13970 | Lair:1   | Reached XP level 12. HP: 43/91 MP: 22/22
 14761 | Lair:2   | Identified the +5 falchion of Cocytus {drain, rF+ Int+3
                  | Stlth+}
 15008 | Lair:2   | Reached skill level 10 in Evocations
 15829 | Lair:2   | Reached **** piety under Dithmenos
 16085 | Lair:3   | Noticed a death yak
 16102 | Lair:3   | Found a staircase to the Swamp.
 16134 | Lair:3   | Noticed a catoblepas
 16165 | Lair:3   | Killed a catoblepas
 16311 | Lair:3   | Noticed a seven-headed hydra
 16335 | Lair:3   | Noticed a death yak
 16336 | Lair:3   | Noticed a death yak
 16337 | Lair:3   | Noticed a death yak
 16535 | Lair:3   | Noticed a death yak
 16536 | Lair:3   | Noticed a death yak
 16561 | Lair:3   | Killed a death yak
 16577 | Lair:3   | Killed a death yak
 16579 | Lair:3   | Killed a death yak
 16770 | Lair:3   | Found a staircase to the Snake Pit.
 17498 | Lair:3   | Noticed a death yak
 17503 | Lair:3   | Noticed a death yak
 17526 | Lair:3   | Killed a death yak
 17539 | Lair:3   | Killed a death yak
 17540 | Lair:3   | Reached XP level 13. HP: 32/99 MP: 25/25
 17558 | Lair:3   | HP: 2/99 [death yak (14)]
 17559 | Lair:3   | Demolished by a death yak

Illustrated notes

Levels and vault maps discovered:
D:1:      sevenhm_arrival_forest_fort_small_6, layout_loops_ring
D:2:      layout_rooms, basic_altar, chequers_serial_rivers_micro_a,
          kennysheep_generic_room_10, uniq_terence
D:3:      layout_basic, lemuel_doored_altar, kennysheep_generic_room_2
D:4:      layout_loops_ring, ebering_ghost_inner_flame, st_stairs_1,
          small_statue_intersection, grunt_ministairs_4, dk_noncrumbling_3,
          corexii_checkpoint_a, uniq_grinder, uniq_natasha
D:5:      cheibrodos_thug_alley, layout_rooms, kennysheep_orc_sif_temple,
          mainiacjoe_overflow_surrounded_room, uniq_ijyb
D:6:      layout_rooms, pf_just_have_faith, minmay_temple_entry_trees,
          nicolae_ossuary_entry_catacombs, guppyfry_early_elven_hall
D:7:      gammafunk_cloud_chamber, layout_cave_pools, cheibrodos_worm_habitat,
          kennysheep_mini_moat, serial_co_window_serial, co_window_paths_a,
          co_window_corner_a, co_window_paths_a, co_window_of_opportunity_a,
          co_window_cross_1, co_window_broadway_a, co_window_cross_3,
          co_window_unsneaky_path_a, co_window_cross_2, co_window_broadway_c,
          glass_columns_a, glass_columns_c, glass_columns_a, glass_columns_c,
          glass_columns_a, uniq_crazy_yiuf_cottage, uniq_joseph
D:8:      layout_loops_ring, tgw_kikubaaqudgha, serial_shops, shop
D:9:      layout_stronghold, mainiacjoe_overflow_cross_hatched,
          lemuel_round_altar, serial_shops, shop
D:10:     layout_loops_cross, dpeg_oklobed_lair, serial_shops,
          nicolae_shop_hallway_plus
Lair:1:   layout_small_grid, st_stairs_10, minivault_24, beast_lair_carwin_10,
          uniq_maggie, uniq_gastronok
Lair:2:   layout_cave_pods, beast_lair_carwin_7
Lair:3:   layout_gridlike, minmay_swamp_entry_swarm, nicolae_snake_entry_squirm,
          lemuel_fruit_tree, lemuel_fruit_fields

Skill      XL: |  1  2  3  4  5  6  7  8  9 10 11 12 |
---------------+-------------------------------------+-----
Short Blades   | 1 2 3 5 6 7 8 |  8.1
Long Blades    | 1 2 3 5 6 7 8 |  8.1
Axes           | 1 2 3 5 6 7 8 |  8.1
Maces & Flails | 1 2 3 5 6 7 8 |  8.1
Polearms       | 1 2 3 5 6 7 8 |  8.1
Staves         | 1 2 3 5 6 7 8 |  8.1
Ranged Weapons | 1 2 3 5 6 7 8 |  8.1
Throwing       | 1 2 3 5 6 7 8 |  8.1
Shields        | 1 2 3 5 6 7 8 |  8.1
Unarmed Combat | 1 2 3 5 6 7 8 |  8.1
Spellcasting   | 1 2 3 5 6 7 8 |  8.1
Invocations    | 1 2 3 4 5 6 7 8 |  8.9
Conjurations   | 1 2 3 4 5 6 |  6.8
Hexes          | 1 2 3 4 5 6 |  6.8
Summonings     | 1 2 3 4 5 6 |  6.8
Necromancy     | 1 2 3 4 5 6 |  6.8
Translocations | 1 2 3 4 5 6 |  6.8
Transmutations | 1 2 3 4 5 6 |  6.8
Fire Magic     | 1 2 3 4 5 6 |  6.8
Ice Magic      | 1 2 3 4 5 6 |  6.8
Air Magic      | 1 2 3 4 5 6 |  6.8
Earth Magic    | 1 2 3 4 5 6 |  6.8
Poison Magic   | 1 2 3 4 5 6 |  6.8
Fighting       | 3 4 5 6 7 8 |  8.6
Dodging        | 3 4 5 6 7 8 |  8.6
Stealth        | 3 4 5 6 7 8 |  8.5
Armour         | 5 6 7 8 9 |  9.4
Evocations     | 7 8 9 10 | 10.5

Action                     |  1- 3 |  4- 6 |  7- 9 | 10-12 | 13-15 || total
---------------------------+-------+-------+-------+-------+-------++-------
  Melee: Club              |   106 |   200 |   446 |       |       ||   752
         Bite              |     5 |    20 |    59 |    98 |     2 ||   184
         Punch             |     1 |     3 |    16 |    46 |     1 ||    67
         Unarmed           |       |       |    12 |       |       ||    12
         Trident           |       |       |       |   271 |       ||   271
         Hand axe          |       |       |       |     7 |       ||     7
         Falchion          |       |       |       |   366 |    19 ||   385
   Fire: Shortbow          |       |       |   443 |   322 |       ||   765
  Throw: Dart              |       |       |     4 |    27 |       ||    31
         Throwing net      |       |       |       |     2 |       ||     2
  Evoke: Wand              |     3 |    18 |    24 |    35 |       ||    80
    Use: Scroll            |       |     6 |     5 |    11 |       ||    22
         Potion            |       |     4 |     7 |     7 |     1 ||    19
   Stab: Sleeping          |     4 |     2 |     8 |    17 |       ||    31
         Distracted        |       |       |     2 |       |       ||     2
 Armour: Leather armour    |    29 |   105 |   431 |   277 |     4 ||   846
         Skin              |       |       |     6 |       |       ||     6
  Dodge: Dodged            |    92 |   207 |   805 |   786 |     4 ||  1894

Table legend: (Time is in decaauts)
 A = Elapsed time spent in this place.
 B = Non-inter-level travel time spent in this place.
 C = Inter-level travel time spent in this place.
 D = Time resting spent in this place.
 E = Time spent auto-exploring this place.
 F = Levels seen in this place.
 G = Mean time per level.
                   A        B        C        D        E       F      G
               +--------+--------+--------+--------+--------+-----+--------+
         Total |  17930 |  17450 |    480 |   4303 |   8450 |  14 | 1280.7 |
       Dungeon |  12541 |  12152 |    389 |   2187 |   6989 |  10 | 1254.1 |
          Lair |   4869 |   4778 |     91 |   1873 |   1440 |   3 | 1623.0 |
       Ossuary |    519 |    519 |      0 |    242 |     20 |   1 |  519.0 |
               +--------+--------+--------+--------+--------+-----+--------+

Top non-repeatable levels by time:
     D:4: 2104 daAuts
     D:5: 1784 daAuts
  Lair:2: 1727 daAuts
     D:7: 1661 daAuts
  Lair:3: 1571 daAuts
  Lair:1: 1570 daAuts
     D:6: 1303 daAuts
     D:8: 1129 daAuts
     D:9: 1104 daAuts
    D:10: 1091 daAuts
     D:3: 1050 daAuts
     D:1: 783 daAuts
     D:2: 528 daAuts
 Ossuary: 519 daAuts
